 Dungeon Sprint DCSS version 0.20-a0-268-gb6bde61 (webtiles) character file.

3332 tbh1313 the Severer (level 9, -2/89 (91) HPs)
             Began as a Minotaur Berserker on Dec 7, 2016.
             Was a High Priest of Trog.
             Slain by an unseen horror (12 damage)
             ... in the Dungeon (Sprint I: "Red Sonja").
             The game lasted 00:03:13 (2220 turns).

tbh1313 the Severer (Minotaur Berserker)            Turns: 2220, Time: 00:03:14

HP:   -2/89 (91)    AC: -4    Str: 23    XL:     9   Next: 71%
MP:   8/8           EV: 17    Int:  6    God:    Trog [*****.]
Gold: 513           SH:  0    Dex: 10    Spells: 8/8 levels left

rFire  . . .     SeeInvis .     a - +0 hand axe
rCold  . . .     Gourm    .     b - +0 animal skin
rNeg   . . .     Faith    .     (no shield)
rPois  .         Spirit   .     (helmet restricted)
rElec  .         Reflect  .     (no cloak)
rCorr  .         Harm     .     (no gloves)
MR     .....     NoTele   +     (no boots)
Stlth  +.........               (no amulet)
                                (no ring)
                                (no ring)

@: exhausted, corroded, very slightly contaminated, non-regenerating, badly
diseased, hasted and slowed
A: retaliatory headbutt, horns 2
a: Berserk, Trog's Hand, Brothers in Arms, Burn Spellbooks, Renounce Religion


You were in the Dungeon.
You worshipped Trog.
Trog was extremely pleased with you.
You were hungry.

You visited 1 branch You collected 513 gold pieces.


Innate Abilities, Weirdness & Mutations

You reflexively headbutt those who attack you in melee.
You have a pair of horns on your head.


   Skills:
 + Level 12.4 Fighting
 - Level 16.4 Axes
 + Level 12.2 Armour
 + Level 11.2 Dodging


You had 8 spell levels left.
You didn't know any spells.

Dungeon Overview and Level Annotations

Branches:
Dungeon (1/1)

Altars:
Cheibriados
Dithmenos
Elyvilon
Fedhas
Gozag
Hepliaklqana
Kikubaaqudgha
Makhleb
Nemelex Xobeh
Okawaru
Qazlal
Ru
Sif Muna
Trog
Uskayaw
Vehumet
Xom
Yredelemnul
Zin
The Shining One
Jiyva
Lugonu

Shops:
D *

Inventory:

Hand Weapons
 a - a +0 hand axe (weapon)
 k - a cursed -1 longbow
Missiles
 l - 21 arrows
Armour
 b - a +0 animal skin (worn)
Scrolls
 i - a scroll of blinking
 j - 2 scrolls of identify {unknown}
Potions
 e - a potion of heal wounds
 g - 2 potions of magic
 h - a potion of berserk rage

_..__##_.#+##+#####'###
_____###+# #.'.# ######
###.# #.# ######## #.#
#......§##§#
#{.....§§§§#
#'''######§#
#.nn.@)..#§#
#†.nn§§.#§§#
#$$$?.†....§§####
#[%(......§§≈#
##.......≈≈§##
###..≈≈≈≈### +######+


You could see 4 necrophages.


Message History

You slash the necrophage! Your headbutt misses the necrophage.
The necrophage is severely damaged.
You slash the necrophage!
You destroy the necrophage!
Trog accepts your kill.
Your Armour skill increases to level 12!
The necrophage hits you. The necrophage barely misses you.
You barely miss the necrophage. You headbutt the necrophage!
The necrophage is heavily damaged.
You closely miss the necrophage. You slash the necrophage!
You destroy the necrophage!
Trog accepts your kill.
You hit the necrophage. The necrophage barely misses you.
You hit the necrophage. You headbutt the necrophage!
The necrophage is severely damaged.
You slash the necrophage! You headbutt the necrophage.
You destroy the necrophage!
Trog accepts your kill.
You hit the necrophage. You slash the necrophage!
You are no longer berserk.
You are exhausted.
You feel yourself slow down.
You hit the necrophage but do no damage.
The necrophage is lightly damaged.
You hit the necrophage. The necrophage hits you.
The necrophage barely misses you.
You closely miss the necrophage.
The necrophage is lightly damaged.
You barely miss the necrophage. You hit the necrophage.
The necrophage hits you! The necrophage hits you. x2
You hit the necrophage but do no damage.
The necrophage is lightly damaged.
You hit the necrophage but do no damage.
You hit the necrophage. The necrophage closely misses you.
You furiously retaliate!
You headbutt the necrophage. The necrophage hits you.
* * * LOW HITPOINT WARNING * * *
The necrophage hits you!
* * * LOW HITPOINT WARNING * * *
You feel yourself speed up. The necrophage closely misses you.
The necrophage misses you. You furiously retaliate!
You headbutt the necrophage, but do no damage.
The necrophage barely misses you. You furiously retaliate!
You headbutt the necrophage! The necrophage completely misses you.
You furiously retaliate!
You headbutt the necrophage. The necrophage barely misses you.
You are very lightly contaminated with residual magic.
You barely miss the necrophage.
The necrophage is moderately damaged.
You closely miss the necrophage. x3; The necrophage hits you.
* * * LOW HITPOINT WARNING * * *
You feel ill.
You feel your flesh rotting away! The necrophage closely misses you.
You completely miss the necrophage. Your headbutt misses the necrophage.
The necrophage is moderately damaged.
You hit the necrophage but do no damage. x3
The necrophage hits you!
* * * LOW HITPOINT WARNING * * *
The necrophage hits you.
* * * LOW HITPOINT WARNING * * *
The necrophage hits you.
* * * LOW HITPOINT WARNING * * *
You feel ill.
You feel your flesh rotting away! The necrophage hits you.
* * * LOW HITPOINT WARNING * * *
You see here a necrophage corpse.
The necrophage hits you!
* * * LOW HITPOINT WARNING * * *
A necrophage opens the gate.
Something hits you!
You die...

Vault maps used:
D:        dungeon_sprint_1

Notes
Turn   | Place    | Note
-------+----------+-------------------------------------------
     0 | D        | tbh1313 the Minotaur Berserker began the quest for the Orb.
     0 | D        | Reached XP level 1. HP: 19/19 MP: 0/0
     1 | D        | Noticed Ijyb
     8 | D        | Killed Ijyb
     8 | D        | Reached skill level 7 in Axes
     8 | D        | Reached XP level 2. HP: 25/26 MP: 1/1
    11 | D        | Noticed an ogre
    18 | D        | Killed an ogre
    18 | D        | Reached skill level 11 in Axes
    18 | D        | Reached XP level 3. HP: 21/31 MP: 2/2
    18 | D        | Reached XP level 4. HP: 27/39 MP: 3/3
   114 | D        | Noticed Sigmund
   123 | D        | Killed Sigmund
   123 | D        | Reached ** piety under Trog
   123 | D        | Reached skill level 14 in Axes
   123 | D        | Reached XP level 5. HP: 22/45 MP: 4/4
   123 | D        | Reached XP level 6. HP: 25/51 MP: 5/5
   439 | D        | Found a burning altar of Makhleb.
   439 | D        | Found a viscous altar of Jiyva.
   439 | D        | Found a shimmering altar of Xom.
   439 | D        | Found a corrupted altar of Lugonu.
   439 | D        | Noticed a slime creature
   444 | D        | HP: 19/76 [slime creature (9)]
   448 | D        | Killed a slime creature
   448 | D        | Reached skill level 16 in Axes
   660 | D        | Found a deep blue altar of Sif Muna.
   662 | D        | Found a radiant altar of Vehumet.
   668 | D        | Reached skill level 4 in Fighting
   845 | D        | Noticed a centaur warrior
   845 | D        | Noticed a centaur warrior
   863 | D        | Found Fiack's Assorted Antiques.
   863 | D        | Found an ancient bone altar of Kikubaaqudgha.
   863 | D        | Found a hazy altar of Hepliaklqana.
   863 | D        | Found a hide-covered altar of Uskayaw.
   863 | D        | Found a basalt altar of Yredelemnul.
   863 | D        | Found an opulent altar of Gozag.
   863 | D        | Found a snail-covered altar of Cheibriados.
   863 | D        | Found a sacrificial altar of Ru.
   863 | D        | Found a shadowy altar of Dithmenos.
   863 | D        | Noticed a yak
   867 | D        | Killed a yak
   867 | D        | Reached skill level 5 in Fighting
   867 | D        | Reached skill level 4 in Armour
   867 | D        | Reached skill level 4 in Dodging
   867 | D        | Reached XP level 7. HP: 58/61 MP: 6/6
   868 | D        | Found a stormy altar of Qazlal.
   868 | D        | Found a blossoming altar of Fedhas.
   868 | D        | Found a bloodstained altar of Trog.
   868 | D        | Found an iron altar of Okawaru.
   868 | D        | Found a glowing golden altar of the Shining One.
   868 | D        | Found a glowing silver altar of Zin.
   868 | D        | Found a white marble altar of Elyvilon.
   871 | D        | Found a sparkling altar of Nemelex Xobeh.
   891 | D        | HP: 21/91 [centaur warrior (4)]
   893 | D        | HP: 8/91 [centaur warrior (12)]
   894 | D        | Killed a centaur warrior
   894 | D        | Reached *** piety under Trog
   894 | D        | Reached skill level 8 in Fighting
   894 | D        | Reached skill level 8 in Armour
   894 | D        | Reached skill level 7 in Dodging
   894 | D        | Reached XP level 8. HP: 10/75 MP: 7/7
   897 | D        | Killed a centaur warrior
   897 | D        | Reached skill level 10 in Fighting
   897 | D        | Reached skill level 10 in Armour
   897 | D        | Reached skill level 9 in Dodging
  1222 | D        | Noticed a hornet
  1231 | D        | HP: 17/80 [hornet (10)]
  1233 | D        | HP: 6/80 [hornet (10)]
  1234 | D        | Killed a hornet
  1234 | D        | Reached XP level 9. HP: 7/86 MP: 8/8
  1503 | D        | Noticed an oklob plant
  1510 | D        | HP: 32/129 [oklob plant/splash of acid (11)]
  1513 | D        | Killed an oklob plant
  1513 | D        | Reached skill level 11 in Fighting
  1513 | D        | Reached skill level 11 in Armour
  1513 | D        | Reached skill level 10 in Dodging
  1808 | D        | Reached **** piety under Trog
  1851 | D        | Killed a gargoyle
  2193 | D        | Reached skill level 12 in Fighting
  2195 | D        | Reached ***** piety under Trog
  2197 | D        | Received a gift from Trog
  2197 | D        | Reached skill level 11 in Dodging
  2206 | D        | Reached skill level 12 in Armour
  2217 | D        | HP: 22/90 [necrophage (2)]
  2219 | D        | HP: 10/89 [necrophage (8)]
  2220 | D        | Slain by an unseen horror

Vanquished Creatures
  2 centaur warriors (D)
  An oklob plant (D)
  A hornet (D)
  A slime creature (D)
  Sigmund (D)
  2 redbacks (D)
  A yak (D)
  A floating eye (D)
  3 necrophages (D)
  An ogre (D)
  8 jellies (D)
  Ijyb (D)
23 creatures vanquished.

Vanquished Creatures (others)
  A gargoyle (D)
1 creature vanquished.

Grand Total: 24 creatures vanquished

Action                   |  1- 3 |  4- 6 |  7- 9 || total
-------------------------+-------+-------+-------++-------
Melee: Hand axe          |    12 |    21 |    56 ||    89
       Headbutt          |     2 |    10 |    21 ||    33
Invok: Berserk           |       |     2 |     3 ||     5
  Use: Potion            |       |       |     3 ||     3
  Eat: Chunk             |       |       |     3 ||     3
       Bread ration      |       |       |     1 ||     1
Armor: Animal skin       |       |       |     1 ||     1
Dodge: Dodged            |     7 |     6 |    31 ||    44
